 Dungeon Crawl Stone Soup version 0.31-a0-154-g56bf346678 (webtiles) character file.

Game seed: 6351396118240046634

32 jasper the Caller (level 3, -2/16 HPs)
             Began as a Spriggan Summoner on June 11, 2023.
             Slain by Robin
             ... wielding a +3 mace of draining
              (4 damage)
             ... on level 2 of the Dungeon.
             The game lasted 00:02:16 (1305 turns).

jasper the Caller (Spriggan Summoner)               Turns: 1305, Time: 00:02:16

Health: -2/16      AC:  2    Str:  4    XL:     3   Next: 10%
Magic:  7/8        EV: 17    Int: 18    God:
Gold:   42         SH:  0    Dex: 15    Spells: 5/8 levels left

rFire   . . .        h - +0 dagger (venom)
rCold   . . .        (no shield)
rNeg    . . .        a - +0 robe
rPois   .            (helmet restricted)
rElec   .            (no cloak)
rCorr   .            (gloves unavailable)
SInv    +            (boots unavailable)
Will    .....        (no amulet)
Stlth   ++           f - ring of flight
HPRegen 0.22/turn    (no ring)
MPRegen 0.11/turn

%: no passive effects
@: flying, very quick
A: very small, no large weapons, unfitting armour, see invisible, speed 3
a: no special abilities


You were on level 2 of the Dungeon.
You visited 1 branch of the dungeon, and saw 2 of its levels.

You collected 42 gold pieces.

Inventory:

Hand Weapons
 c - a +0 short sword
 h - a +0 dagger of venom (weapon)
Missiles
 d - 7 poisoned darts
Armour
 a - a +0 robe (worn)
Jewellery
 f - a ring of flight (left hand)
Scrolls
 e - a scroll of teleportation
Potions
 b - a potion of magic
 g - a potion of curing
 k - a potion of attraction
 l - a potion of berserk rage {unknown}


   Skills:
 - Level 2.6 Dodging
 - Level 3.0 Stealth
 - Level 3.0 Spellcasting
 + Level 4.1 Summonings


You had 5 spell levels left.
You knew the following spells:

 Your Spells              Type           Power      Damage    Failure   Level
a - Summon Small Mammal   Summ           68%        N/A       3%          1
b - Call Imp              Summ           34%        N/A       4%          2

Your spell library contained the following spells:

 Spells                   Type           Power      Damage    Failure   Level
 Call Canine Familiar     Summ           17%        N/A       9%          3
 Apportation              Tloc           4%         N/A       16%         1
 Necrotise                Necr           8%         1d4       16%         1
 Summon Guardian Golem    Hex/Summ       10%        N/A       22%         3
 Summon Lightning Spire   Summ/Air       10%        N/A       56%         4


Dungeon Overview and Level Annotations

Branches:
Dungeon (2/15)

Altars:

Annotations:
D:2 Robin


Innate Abilities, Weirdness & Mutations

You are very small and have problems with some larger weapons.
You are too small for most types of armour.
You have supernaturally acute eyesight. (SInv)
You cover ground extremely quickly. (Speed+++)


Message History

Robin's horned helmet rattles.
Robin throws the goblin at you!
You closely miss the goblin.
Your cerulean imp hits the goblin with a -3 spear.
The goblin dies!
The goblin barely misses you.
You hit the goblin.
You kill the goblin!
Your cerulean imp hits Robin with a -3 spear.
Robin closely misses you.
You hit Robin.
Robin is poisoned.
Robin is moderately wounded.
Your cerulean imp hits Robin with a -3 spear.
A goblin comes into view. It is wielding a +0 club.
Robin misses you.
You barely miss Robin.
Robin is heavily wounded.
Your cerulean imp hits Robin but does no damage.
The goblin hits your cerulean imp with a +0 club.
Robin throws the goblin at you!
You hit the goblin.
The goblin is heavily wounded.
Your cerulean imp hits Robin but does no damage.
The goblin closely misses you.
Robin hits your cerulean imp with a +3 mace of draining.
You barely miss the goblin.
The goblin is heavily wounded.
Your cerulean imp hits Robin with a -3 spear.
The goblin completely misses you.
Robin drinks a potion.
Robin is healed!
Robin looks more healthy.
You hit Robin.
Robin is poisoned.
Robin is heavily wounded.
Your cerulean imp hits Robin but does no damage.
The goblin closely misses you. Robin closely misses you.
You barely miss Robin.
Robin is heavily wounded.
Your cerulean imp closely misses Robin.
The goblin hits you with a +0 club.
* * * LOW HITPOINT WARNING * * *
Robin hits you with a +3 mace of draining.
You die...

###############
#5g@g.....)...#
#)###########.##
#) #####...#####
#g
#......#......
#g
#.####...####.
#g ##.## #.. #.
#.# #.. #g #.#
#.. #.# #.#


You could see Robin (very poisoned), a goblin (strong, ally target) and a
friendly cerulean imp (summoned).

Vanquished Creatures
  An endoplasm (D:1)
  3 goblins
  A hobgoblin (D:2)
  3 kobolds
  2 quokkas (D:1)
  5 bats (D:1)
  5 frilled lizards
20 creatures vanquished.

Vanquished Creatures (collateral kills)
  An endoplasm (D:1)
  3 goblins (D:2)
  A ball python (D:1)
  2 bats (D:1)
  3 kobolds (D:1)
10 creatures vanquished.

Grand Total: 30 creatures vanquished

Notes
Turn   | Place    | Note
-------+----------+-------------------------------------------
     0 | D:1      | jasper the Spriggan Summoner began the quest for the Orb.
     0 | D:1      | Reached XP level 1. HP: 9/9 MP: 5/5
   185 | D:1      | Reached XP level 2. HP: 11/13 MP: 4/7
   188 | D:1      | Learned a level 2 spell: Call Imp
   583 | D:1      | Found a faded altar of an unknown god.
  1286 | D:2      | Noticed Robin
  1290 | D:2      | Reached skill level 4 in Summonings
  1294 | D:2      | Reached XP level 3. HP: 5/16 MP: 5/8
  1305 | D:2      | Slain by Robin

Illustrated notes

Levels and vault maps discovered:
D:1:      matt_arrival_los_fun, layout_basic,
          hellmonk_ecumenical_altar_slurped_away, serial_bayou_pond_d,
          grunt_decor_resistance, grunt_decor_clamped, minmay_surrounded
D:2:      layout_loops_ring, supply_closet_lemuel,
          chequers_serial_rivers_large_b, eino_tiny_chamber, eino_curves_04,
          uniq_terence, uniq_robin

Skill      XL: |  1  2 |
---------------+-------+-----
Spellcasting   | 3 |  3.0
Summonings     | 4 |  4.1
Dodging        | |  2.6
Stealth        | |  3.0

Action                     || total
---------------------------++-------
  Melee: Short sword       ||    14
         Dagger            ||    36
   Cast: Summon Small Mamm ||     8
         Call Imp          ||     3
    Use: Scroll            ||     5
   Stab: Sleeping          ||     5
 Armour: Robe              ||     7
  Dodge: Dodged            ||    43

Table legend: (Time is in decaauts)
 A = Elapsed time spent in this place.
 B = Non-inter-level travel time spent in this place.
 C = Inter-level travel time spent in this place.
 D = Time resting spent in this place.
 E = Time spent auto-exploring this place.
 F = Levels seen in this place.
 G = Mean time per level.
                   A        B        C        D        E       F      G
               +--------+--------+--------+--------+--------+-----+--------+
         Total |    921 |    905 |     16 |    130 |    582 |   2 |  460.5 |
       Dungeon |    921 |    905 |     16 |    130 |    582 |   2 |  460.5 |
               +--------+--------+--------+--------+--------+-----+--------+

Top non-repeatable levels by time:
     D:1: 874 daAuts
     D:2: 46 daAuts
